Map: Lost and Found LE

Players

TIME (Oliveira) - Winner!

  • Race: Terran Terran
  • Spawn Location: 1:00

HeroMarine

  • Race: Terran Terran
  • Spawn Location: 7:00

Event: WCS Montreal 2018

VOD

Have the link to the VOD?

Description

Time

  • Played on: Sept. 9, 2018, 12:02 p.m.
  • Length: 7:23

All games in this series

Show
View Real Time Build Order
Export as new Build Order

TIME Terran - Winner!

Build Orders: Cyclone Opening 

Get SALT Encoding   

  12  0:00  SCV  
  13  0:12  SCV  
  14  0:17  Supply Depot  
  14  0:25  SCV  
  14  0:27  Refinery  
  15  0:38  SCV  
  16  0:43  Barracks  
  16  0:50  SCV  
  16  0:54  Refinery  
  17  1:02  SCV  
  18  1:16  SCV  
  19  1:30  Reaper, Orbital Command  
  20  1:34  Factory  
  20  1:43  Supply Depot  
  20  1:56  SCV  
  21  2:02  Reaper  
  22  2:08  SCV  
  23  2:18  Hellion  
  25  2:27  Command Center  
  25  2:32  SCV  
  26  2:39  Cyclone  
  26  2:40  Barracks Reactor  
  29  2:46  Starport  
  29  2:50  SCV  
  30  2:56  Supply Depot  
  30  3:02  SCV  
  31  3:14  Factory Tech Lab  
  31  3:18  SCV, Marine x2  
  34  3:31  SCV  
  35  3:35  Raven  
  35  3:36  Marine x2  
  35  3:39  Widow Mine  
  35  3:41  Orbital Command  
  41  3:42  Refinery  
  41  3:44  SCV  
  42  3:56  SCV, Marine x2  
  42  4:02  Factory Tech Lab  
  45  4:08  SCV  
  46  4:12  SCV  
  46  4:16  Supply Depot  
  47  4:22  Siege Tank  
  47  4:24  SCV  
  51  4:26  SCV  
  51  4:27  Viking  
  54  4:37  SCV, Viking  
  54  4:38  SCV  
  58  4:39  Supply Depot  
  58  4:49  SCV  
  58  4:51  SCV  
  60  4:55  Liberator  
  60  4:57  Viking  
  62  5:00  Siege Tank  
  62  5:01  Supply Depot  
  62  5:02  SCV  
  65  5:08  SCV  
  65  5:13  Marine  
  70  5:23  SCV  
  70  5:25  SCV  
  70  5:28  Supply Depot  
  71  5:29  Viking  
  71  5:32  Siege Tank  
  71  5:33  Marine  
  71  5:35  SCV  
  78  5:37  Command Center  
  78  5:40  Supply Depot  
  78  5:49  SCV x2  
  80  5:51  Supply Depot  
  80  5:54  Engineering Bay x2  
  80  5:59  Viking  
  80  6:01  SCV  
  83  6:05  Viking  
  83  6:06  SCV  
  83  6:09  Refinery  
  86  6:14  Siege Tank  
  86  6:18  SCV  
  90  6:21  Marine  
  89  6:28  SCV  
  89  6:31  SCV  
  91  6:36  Viking  
  91  6:39  Viking  
  85  6:44  SCV  
  85  6:47  Marine  
  82  6:48  Barracks  
  82  6:49  Barracks  
  82  6:52  SCV  
  80  7:03  SCV  
  80  7:04  Marine  
  80  7:05  SCV  
  77  7:19  Barracks  
  77  7:20  Barracks  
Show
View Real Time Build Order
Export as new Build Order

HeroMarine Terran 

Build Orders: Cyclone Opening 

Get SALT Encoding   

  12  0:00  SCV  
  13  0:12  SCV  
  14  0:16  Supply Depot  
  14  0:24  SCV  
  15  0:29  Refinery  
  15  0:38  SCV  
  16  0:43  Barracks  
  16  0:50  SCV  
  16  0:53  Refinery  
  17  1:02  SCV  
  18  1:14  SCV  
  19  1:29  Orbital Command  
  19  1:32  Factory  
  19  1:33  Reaper  
  20  1:42  Supply Depot  
  20  1:55  SCV  
  21  2:05  Reaper  
  21  2:07  SCV  
  23  2:15  Cyclone  
  26  2:19  SCV  
  27  2:30  Command Center  
  27  2:32  SCV  
  28  2:39  Starport  
  28  2:48  Bunker  
  28  2:49  Barracks Reactor  
  28  2:50  SCV  
  29  2:56  Supply Depot  
  29  2:59  Factory Tech Lab  
  29  3:03  SCV  
  30  3:15  SCV  
  31  3:25  Marine x2  
  34  3:27  SCV  
  34  3:28  Raven  
  36  3:39  SCV  
  37  3:42  Orbital Command  
  37  3:43  Marine x2  
  37  3:48  Cyclone  
  42  3:51  SCV  
  43  4:03  SCV  
  43  4:05  Command Center  
  43  4:10  SCV  
  43  4:15  SCV  
  45  4:21  Stimpack, Marine  
  45  4:22  SCV, Factory Tech Lab  
  45  4:23  Starport Reactor  
  46  4:27  SCV  
  46  4:28  Barracks  
  47  4:33  Barracks  
  47  4:35  SCV  
  48  4:39  SCV  
  48  4:43  Siege Tank  
  52  4:46  Supply Depot  
  52  4:47  SCV  
  52  4:51  SCV  
  54  4:59  Engineering Bay x2  
  54  5:08  SCV, Refinery  
  54  5:10  SCV, Refinery  
  56  5:15  Siege Tank  
  56  5:18  Starport Reactor  
  56  5:20  SCV, Orbital Command  
  60  5:22  SCV  
  60  5:23  Marine x2  
  63  5:31  Marine x3  
  63  5:32  SCV  
  67  5:37  Supply Depot  
  67  5:39  SCV  
  67  5:40  Marine  
  69  5:44  SCV, Marine  
  69  5:47  Orbital Command  
  69  5:49  Marine x2  
  72  5:50  Marine  
  72  5:53  Siege Tank  
  77  6:04  Supply Depot  
  80  6:06  Viking x2  
  80  6:09  Marine x2  
  83  6:13  Marine x2  
  85  6:21  Marine  
  85  6:25  SCV x2, Siege Tank  
  87  6:27  Marine  
  87  6:30  Marine  
  87  6:31  SCV, Marine  
  88  6:34  Marine  
  88  6:37  SCV  
  88  6:39  SCV, Marine  
  70  6:43  SCV  
  70  6:45  Marine  
  50  6:48  Marine  
  50  6:49  Marine  
  50  6:50  SCV  
  50  6:51  Marine  
  46  6:56  Marine  
  47  7:02  Marine  
  47  7:07  SCV x2  
Tags
 
Add a new tag
Caveats
  • Supply blocks, unpowered buildings, or Contaminate may cause inaccurate times.
  • Supply counts are checked every 10 seconds.